 Dungeon Crawl Stone Soup version 0.24-a0-136-gad582e5 (webtiles) character file.

Game seed: 4850213512485864114

28 galech the Skirmisher (level 3, 29/29 HPs)
             Began as a Demonspawn Fighter on Feb 28, 2019.
             Quit the game on level 1 of the Dungeon.
             The game lasted 00:00:32 (385 turns).

galech the Skirmisher (Demonspawn Fighter)           Turns: 385, Time: 00:00:32

Health: 29/29      AC:  6    Str: 16    XL:     3   Next: 0%
Magic:  3/3        EV:  7    Int:  9    God:
Gold:   52         SH:  9    Dex: 13    Spells: 2/2 levels left

rFire    . . .     SeeInvis .   a - +0 war axe
rCold    . . .     Gourm    .   c - +0 shield
rNeg     . . .     Faith    .   b - +0 scale mail
rPois    .         Spirit   .   (no helmet)
rElec    .         Reflect  .   (no cloak)
rCorr    .         Harm     .   (no gloves)
MR       .....                  (no boots)
Stlth    ..........             (no amulet)
HPRegen  0.09/turn              (no ring)
MPRegen  0.08/turn              (no ring)

@: no status effects
A: claws 1, spiny 1
a: no special abilities


You were on level 1 of the Dungeon.
You were not hungry.

You visited 1 branch of the dungeon, and saw 1 of its levels.

You collected 52 gold pieces.

Inventory:

Hand Weapons
 a - a +0 war axe (weapon)
Armour
 b - a +0 scale mail (worn)
 c - a +0 shield (worn)
Scrolls
 e - 2 scrolls of teleportation {unknown}
 k - a scroll of enchant weapon {unknown}
 l - a scroll of identify {unknown}
Potions
 d - a potion of might
 g - a potion of mutation {unknown}
 h - a potion of invisibility {unknown}
 j - a potion of haste {unknown}
Comestibles
 f - a ration
 i - 4 chunks of flesh


   Skills:
 + Level 3.2 Fighting
 + Level 2.1 Axes
 + Level 3.0 Armour
 + Level 0.3 Dodging
 + Level 3.0 Shields


You had 2 spell levels left.
You didn't know any spells.
Your spell library was empty.

Dungeon Overview and Level Annotations

Branches:
Dungeon (1/15)

Altars:


Innate Abilities, Weirdness & Mutations

You have sharp fingernails.
You are partially covered in sharp spines.


Message History

An ooze is nearby!
The ooze hits you but does no damage.
You see here a +0 club.
You slash the ooze!
The ooze is severely wounded.
The ooze hits you but does no damage.
You hit the ooze but do no damage.
The ooze is severely wounded.
The ooze hits you but does no damage. You block the ooze's attack.
You barely miss the ooze.
The ooze is severely wounded.
The ooze hits you but does no damage.
You slash the ooze!
You kill the ooze!
You have reached level 3!
Your experience leads to an increase in your attributes!
Increase (S)trength, (I)ntelligence, or (D)exterity?
You feel agile.
Your demonic ancestry asserts itself...
Sharp spines emerge from parts of your body.
Are you sure you want to abandon this character and quit the game? (Confirm with "yes".)

#...#≈. ##. #...#≈.
#.. #...#≈. #..
#...#≈. # #.. #...#≈.
#.# #.. ##### #...#..
#...#..
##...####......
#....###..#.##.#......
#...@...##...##......
##..%..###.#..#......
##...## #.#.##.....<
##.## +.#.##...... #+#
#...######## ##)..#
#.#..# ##..#..#
##..##..#


There were no monsters in sight!

Vanquished Creatures
  An ooze (D:1)
  A dart slug (D:1)
  A leopard gecko (D:1)
  A giant cockroach (D:1)
  3 goblins (D:1)
  5 hobgoblins (D:1)
  2 kobolds (D:1)
  2 bats (D:1)
  2 frilled lizards (D:1)
  A rat (D:1)
19 creatures vanquished.

Notes
Turn   | Place    | Note
-------+----------+-------------------------------------------
     0 | D:1      | galech the Demonspawn Fighter began the quest for the Orb.
     0 | D:1      | Reached XP level 1. HP: 18/18 MP: 1/1
   259 | D:1      | Gained mutation: You have sharp fingernails. [demonic
                  | ancestry]
   259 | D:1      | Reached XP level 2. HP: 24/24 MP: 2/2
   384 | D:1      | Gained mutation: You are partially covered in sharp spines.
                  | [demonic ancestry]
   384 | D:1      | Reached XP level 3. HP: 29/29 MP: 3/3
   385 | D:1      | Quit the game

Levels and vault maps discovered:
D:1:      lightli_arrival_quake, layout_loops_ring, st_stairs_7,
          grunt_decor_one_mirror, minivault_26, skrybe_limestone_x,
          grunt_decor_arrowhead, minmay_box_of_dots

Skill      XL: |  1  2 |
---------------+-------+-----
Axes           | 2 |  2.1
Armour         | 3 |  3.0
Shields        | 3 |  3.0
Fighting       | |  3.2
Dodging        | |  0.3

Action                   || total
-------------------------++-------
Melee: War axe           ||    57
Armor: Scale mail        ||    38
Dodge: Dodged            ||    15
Block: Shield            ||    32

Table legend:
 A = Non-vault XP
 B = Vault XP
 C = Vault XP percentage of total XP
 D = Non-vault monster count
 E = Vault monster count
 F = Vault count percentage of total count
                 A         B        C        D         E       F
            +---------+---------+-------+---------+---------+-------
      Total |      30 |      11 |  26.8 |      14 |       5 |  26.3
            +---------+---------+-------+---------+---------+-------
        D:1 |      30 |      11 |  26.8 |      14 |       5 |  26.3
            +---------+---------+-------+---------+---------+-------
